 Dungeon Crawl Stone Soup version 0.27-a0-1137-g3ef0f4ec91 (webtiles) character file.

Game seed: 7148238340361782189

515 DasRunzen the Poker (level 7, -8/55 HPs)
             Began as a Demonspawn Gladiator on May 6, 2021.
             Was a Believer of Qazlal.
             Mangled by an orc warrior
             ... wielding a +0 flail of flaming
              (10 damage)
             ... on level 4 of the Dungeon.
             The game lasted 00:07:09 (5099 turns).

DasRunzen the Poker (Demonspawn Gladiator)          Turns: 5099, Time: 00:07:09

Health: -8/55      AC:  5    Str: 14    XL:     7   Next: 0%
Magic:  8/8        EV: 18    Int: 13    God:    Qazlal [**....]
Gold:   137        SH:  2    Dex: 15    Spells: 6/6 levels left

rFire    . . .     SeeInvis .   a - +0 trident
rCold    . . .     Faith    .   (no shield)
rNeg     . . .     Spirit   .   b - +0 leather armour
rPois    .         Reflect  .   c - +0 helmet
rElec    .         Harm     .   g - +0 cloak
rCorr    .         Rampage  .   (no gloves)
Will     .....                  (no boots)
Stlth    +.........             (no amulet)
HPRegen  0.18/turn              (no ring)
MPRegen  0.11/turn              (no ring)

@: agile
A: foul stench 1, powered by pain 3, big brain 1
a: Renounce Religion, Upheaval


You were on level 4 of the Dungeon.
You worshipped Qazlal.
Qazlal was pleased with you.
You visited 1 branch of the dungeon, and saw 4 of its levels.

You collected 137 gold pieces.

Inventory:

Hand Weapons
 a - a +0 trident (weapon)
Missiles
 d - 3 throwing nets (quivered)
Armour
 b - a +0 leather armour (worn)
 c - a +0 helmet (worn)
 g - a +0 cloak (worn)
Jewellery
 h - a ring of fire
 i - a ring of poison resistance
Wands
 k - a wand of charming (10)
Scrolls
 e - 4 scrolls of identify
 j - a scroll of enchant armour {unknown}
 l - a scroll of teleportation
 m - a scroll of torment {unknown}


   Skills:
 + Level 4.5 Fighting
 + Level 4.6 Polearms
 - Level 1.7 Throwing
 + Level 4.6 Dodging
 + Level 1.6 Invocations


You had 6 spell levels left.
You didn't know any spells.
Your spell library contained the following spells:

 Spells                   Type           Power      Damage    Failure   Level
 Magic Dart               Conj           0%         1d3       36%         1
 Sandblast                Erth           0%         2d4       36%         1
 Passwall                 Tmut/Erth      0%         N/A       52%         2
 Searing Ray              Conj           0%         3d3       52%         2
 Dazzling Flash           Conj/Hex       0%         N/A       75%         3
 Stone Arrow              Conj/Erth      0%         3d7       75%         3
 Fulminant Prism          Conj/Hex       0%         3d6       98%         4
 Iskenderun's Mystic Bla  Conj/Tloc      0%         2d3       98%         4
 Petrify                  Tmut/Erth      0%         N/A       98%         4
 Lee's Rapid Deconstruct  Erth           0%         3d5*      100%        5


Dungeon Overview and Level Annotations

Branches:
Dungeon (4/15)
 Temple: D:4-7

Altars:
Ashenzari
Hepliaklqana
Qazlal
Vehumet


Innate Abilities, Weirdness & Mutations

You may rarely emit foul miasma when damaged in melee.
You are powered by pain.
You have an unusually large brain. (Int +2)


Message History

The orc warrior is moderately wounded.
The orc warrior hits you with a +0 flail of flaming!
The orc warrior burns you.
You closely miss the orc warrior.
The orc warrior is moderately wounded.
You block the orc warrior's attack.
You hit the orc warrior but do no damage.
The orc warrior is moderately wounded.
The orc warrior barely misses you.
You hit the orc warrior.
The orc warrior is moderately wounded.
The orc warrior misses you.
You hit the orc warrior but do no damage.
The orc warrior is moderately wounded.
The orc warrior closely misses you.
You closely miss the orc warrior.
The orc warrior is moderately wounded.
The orc warrior closely misses you. The orc warrior completely misses you.
You hit the orc warrior but do no damage.
The orc warrior is moderately wounded.
The orc warrior misses you.
You closely miss the orc warrior.
The orc warrior is moderately wounded.
The orc warrior hits you with a +0 flail of flaming!
* * * LOW HITPOINT WARNING * * *
The orc warrior burns you.
* * * LOW HITPOINT WARNING * * *
You barely miss the orc warrior.
The orc warrior is moderately wounded.
The orc warrior hits you with a +0 flail of flaming.
* * * LOW HITPOINT WARNING * * *
The orc warrior burns you.
* * * LOW HITPOINT WARNING * * *
You hit the orc warrior.
The orc warrior is heavily wounded.
The orc warrior completely misses you.
You hit the orc warrior.
The orc warrior is heavily wounded.
The orc warrior hits you with a +0 flail of flaming!
You die...

#####.##### ####.........#####
..##.............###########
..##................##.....#
...######............#.....######
...# #......#.....)............
...# #......#..................
...# #.......§○........##.##...
...# ##.......@.............###
...# ###.......#o#..............
..## #..........................
..#####....####..................
##.........####........<.........
.#............#.#.........#.##...
.#.....###....#......##...#.##...
.........+....+..................
.......###....#........##.####(..


You could see an orc warrior.

Vanquished Creatures
  Grinder (D:3)
  2 scorpions
  A jelly (D:4)
  An iguana (D:4)
  3 gnolls
  5 adders
  2 worms
  4 dart slugs
  4 orcs (D:3)
  4 ball pythons
  5 endoplasms
  3 giant cockroaches (D:3)
  6 goblins
  2 hobgoblins (D:2)
  4 jackals (D:2)
  3 quokkas
  4 bats
  3 frilled lizards
  5 kobolds
  A quokka skeleton (D:4)
  4 rats
67 creatures vanquished.

Notes
Turn   | Place    | Note
-------+----------+-------------------------------------------
     0 | D:1      | DasRunzen the Demonspawn Gladiator began the quest for the
                  | Orb.
     0 | D:1      | Reached XP level 1. HP: 16/16 MP: 1/1
   395 | D:1      | Gained mutation: You may rarely emit foul miasma when
                  | damaged in melee. [demonic ancestry]
   395 | D:1      | Reached XP level 2. HP: 20/22 MP: 2/2
  1319 | D:2      | Gained mutation: You sometimes gain a little power by
                  | taking damage. [demonic ancestry]
  1319 | D:2      | Reached XP level 3. HP: 19/28 MP: 3/3
  2008 | D:2      | Gained mutation: You have an unusually large brain. (Int
                  | +2) [demonic ancestry]
  2008 | D:2      | Reached XP level 4. HP: 10/34 MP: 4/4
  2362 | D:2      | Found a faded altar of an unknown god.
  2370 | D:2      | Became a worshipper of Qazlal Stormbringer
  2370 | D:2      | Reached * piety under Qazlal
  2479 | D:2      | Noticed a scorpion
  2492 | D:2      | Killed a scorpion
  2965 | D:3      | Reached XP level 5. HP: 41/41 MP: 5/5
  3071 | D:3      | Found a hazy altar of Hepliaklqana.
  3593 | D:3      | Noticed Grinder
  3600 | D:3      | Paralysed by Grinder for 5 turns
  3616 | D:3      | HP: 2/41 [Grinder (6)]
  3617 | D:3      | Killed Grinder
  3618 | D:3      | Gained mutation: You sometimes gain power by taking damage.
                  | [demonic ancestry]
  3618 | D:3      | Reached XP level 6. HP: 2/48 MP: 6/6
  3934 | D:3      | Found a broken altar of Ashenzari.
  4115 | D:3      | Reached ** piety under Qazlal
  4431 | D:3      | Reached skill level 1 in Invocations
  4857 | D:4      | Found a radiant altar of Vehumet.
  4904 | D:4      | Gained mutation: You are powered by pain. [demonic
                  | ancestry]
  4904 | D:4      | Reached XP level 7. HP: 45/55 MP: 8/8
  5097 | D:4      | HP: 2/55 [orc warrior/+0 flail of flaming (2)]
  5099 | D:4      | Mangled by an orc warrior

Illustrated notes

Levels and vault maps discovered:
D:1:      dpeg_arrival_water_fire, layout_loops_corners, serial_bayou,
          serial_bayou_lake_a, serial_bayou_pond_e, serial_bayou_pond_d,
          serial_bayou_crossing, serial_bayou_ford_a
D:2:      layout_basic, serial_aquarium, aquarium_bridge_long_separate
          [aquarium_subvault_wall, aquarium_subvault_bridge,
          aquarium_subvault_bridge, aquarium_subvault_window,
          aquarium_subvault_wall, aquarium_subvault_bridge],
          aquarium_bridge_square [aquarium_subvault_wall,
          aquarium_subvault_bridge, aquarium_subvault_window,
          aquarium_subvault_wall], aquarium_window_double, aquarium_window_3,
          aquarium_window_fake, aquarium_view_2f, aquarium_view_2b,
          shapermc_ecumenical_altar_starsandcircs
D:3:      layout_basic, lemuel_tele_altar, ashenzari_conservatory_becter,
          uniq_grinder
D:4:      layout_basic, nzn_overflow_gifts_of_might_and_magic,
          lemuel_round_altar, kennysheep_mini, nicolae_overflow_hidden_temple,
          bh_walls_and_bars, uniq_robin

Skill      XL: |  1  2  3  4  5  6 |
---------------+-------------------+-----
Dodging        | 3 4 |  4.6
Polearms       | 3 4 |  4.6
Fighting       | 3 4 |  4.5
Invocations    | 1 |  1.6
Throwing       | |  1.7

Action                   |  1- 3 |  4- 6 |  7- 9 || total
-------------------------+-------+-------+-------++-------
Melee: Trident           |   114 |   162 |    23 ||   299
  Use: Scroll            |     1 |     3 |       ||     4
       Potion            |       |       |     1 ||     1
Armor: Leather armour    |    30 |    22 |     1 ||    53
Dodge: Dodged            |    74 |    84 |    15 ||   173
Block: Other             |       |    10 |     2 ||    12

Table legend: (Time is in decaauts)
 A = Elapsed time spent in this place.
 B = Non-inter-level travel time spent in this place.
 C = Inter-level travel time spent in this place.
 D = Time resting spent in this place.
 E = Time spent auto-exploring this place.
 F = Levels seen in this place.
 G = Mean time per level.
                   A        B        C        D        E       F      G
               +--------+--------+--------+--------+--------+-----+--------+
         Total |   5192 |   5158 |     34 |    895 |   3323 |   4 | 1298.0 |
       Dungeon |   5192 |   5158 |     34 |    895 |   3323 |   4 | 1298.0 |
               +--------+--------+--------+--------+--------+-----+--------+

Top non-repeatable levels by time:
     D:3: 1653 daAuts
     D:2: 1566 daAuts
     D:1: 1470 daAuts
     D:4: 501 daAuts
